 Dungeon Crawl Stone Soup version 0.28.0-45-g0d030f2227 (webtiles) character file.

Game seed: 15520868053471731234

43 kingofstarryskies the Shield-Bearer (level 3, 0/31 HPs)
             Began as a Hill Orc Fighter on Apr 14, 2022.
             Slain by a goblin
             ... wielding a +0 club
              (2 damage)
             ... on level 2 of the Dungeon.
             The game lasted 00:02:14 (997 turns).

kingofstarryskies the Shield-Bearer (HOFi)           Turns: 997, Time: 00:02:16

Health: 0/31       AC:  6    Str: 20    XL:     3   Next: 58%
Magic:  3/3        EV:  9    Int:  8    God:
Gold:   90         SH:  5    Dex: 10    Spells: 2/2 levels left

rFire   . . .      SeeInvis .   a - +0 trident
rCold   . . .      Faith    .   c - +0 buckler
rNeg    . . .      Spirit   .   b - +0 scale mail
rPois   .          Reflect  .   (no helmet)
rElec   .          Harm     .   (no cloak)
rCorr   .          Rampage  .   (no gloves)
Will    .....                   (no boots)
Stlth   ..........              (no amulet)
HPRegen 0.10/turn               (no ring)
MPRegen 0.08/turn               (no ring)

@: no status effects
A: no striking features
a: no special abilities


You were on level 2 of the Dungeon.
You visited 1 branch of the dungeon, and saw 2 of its levels.

You collected 90 gold pieces.

Inventory:

Hand Weapons
 a - a +0 trident (weapon)
Armour
 b - a +0 scale mail (worn)
 c - a +0 buckler (worn)
Potions
 d - a potion of might


   Skills:
 - Level 3.6 Fighting
 - Level 2.1 Polearms
 - Level 3.2 Armour
 * Level 4.9 Shields


You had 2 spell levels left.
You didn't know any spells.
Your spell library contained the following spells:

 Spells                   Type           Power      Damage    Failure   Level
 Conjure Flame            Conj/Fire      0%         6-21      99%         3
 Ignite Poison            Fire/Tmut/Pois 0%         N/A       99%         3
 Sticky Flame             Conj/Fire      0%         2d3       100%        4


Dungeon Overview and Level Annotations

Branches:
Dungeon (2/15)

Altars:


Message History

The worm bites you.
You puncture the worm!
You kill the worm!
You puncture the endoplasm!
You kill the endoplasm!
A kobold comes into view. It is wielding a +0 club.
Found 16 stones.
Found a stone staircase leading down.
You barely miss the kobold. You block the kobold's attack.
You closely miss the kobold. The kobold barely misses you.
You hit the kobold but do no damage. The kobold hits you but does no damage.
You closely miss the kobold. The kobold hits you with a +0 club.
The kobold barely misses you.
You hit the kobold but do no damage. The kobold hits you but does no damage.
You hit the kobold.
You kill the kobold!
You see here a +0 club.
An adder comes into view.
The adder hisses angrily.
A goblin comes into view. It is wielding a +0 club.
The goblin shouts!
The adder closely misses you. The adder bites you.
* * * LOW HITPOINT WARNING * * *
You are poisoned.
The adder poisons you!
You closely miss the adder.
* * * LOW HITPOINT WARNING * * *
You feel sick. The adder closely misses you.
You barely miss the adder.
You feel sick. You block the adder's attack. The adder misses you.
You hit the adder.
The adder is severely wounded.
You feel sick. The adder closely misses you.
You miss the adder.
The adder is severely wounded.
* * * LOW HITPOINT WARNING * * *
You feel sick.
You are no longer poisoned.
The adder closely misses you. The adder bites you but does no damage.
The goblin hits you with a +0 club.
You die...

####################
...................#
##..###.######.###...
......g@.#####.#
##..###S......)# ..
...#####.# ##..#
#.######### ...#
#.........# ....
#.#######.# ...# #.#
#.# ..... ..# #.#
.#.# #.#


You could see an adder and a goblin.

Vanquished Creatures
  A worm (D:2)
  4 endoplasms
  2 giant cockroaches (D:1)
  4 goblins
  4 hobgoblins (D:1)
  8 jackals (D:1)
  A ball python (D:1)
  3 bats (D:1)
  5 kobolds
  A rat (D:1)
33 creatures vanquished.

Notes
Turn   | Place    | Note
-------+----------+-------------------------------------------
     0 | D:1      | kingofstarryskies the Hill Orc Fighter began the quest for
                  | the Orb.
     0 | D:1      | Reached XP level 1. HP: 19/19 MP: 1/1
    40 | D:1      | Reached XP level 2. HP: 23/26 MP: 2/2
    79 | D:1      | Reached skill level 4 in Shields
   324 | D:1      | Reached XP level 3. HP: 31/31 MP: 3/3
   601 | D:1      | Found a faded altar of an unknown god.
   997 | D:2      | Slain by a goblin

Illustrated notes

Levels and vault maps discovered:
D:1:      tarquinn_simple_flora_water_e, layout_rooms, serial_aquarium,
          aquarium_bridge_long_joined [aquarium_subvault_bridge,
          aquarium_subvault_bridge, aquarium_subvault_bridge,
          aquarium_subvault_window, aquarium_subvault_wall,
          aquarium_subvault_wall], aquarium_window_fake, aquarium_window_1,
          aquarium_view_2c, chequers_ecumenical_altar_grove
D:2:      layout_loops_ring, minmay_pentomino_w4

Skill      XL: |  1  2 |
---------------+-------+-----
Shields        | 4 |  4.9
Fighting       | |  3.6
Polearms       | |  2.1
Armour         | |  3.2

Action                   || total
-------------------------++-------
Melee: Trident           ||   109
  Use: Scroll            ||     1
Armor: Scale mail        ||    56
Dodge: Dodged            ||    75
Block: Buckler           ||    25
